 Dungeon Crawl Stone Soup version 0.25-a0-404-gc1b5a34292 (webtiles) character file.

Game seed: 12371059307991096214, levelgen mode: deterministic

253781 Flugkiller the Lord of Darkness (level 19, -6/89 HPs)
             Began as a Felid Wanderer on Jan 9, 2020.
             Was the Champion of Kikubaaqudgha.
             Mangled by a titan (48 damage)
             ... on level 5 of the Vaults on Jan 11, 2020.
             The game lasted 04:12:08 (110070 turns).

Flugkiller the Lord of Darkness (Felid Wanderer)  Turns: 110070, Time: 04:12:09

Health: -6/89      AC:  3    Str:  9    XL:     19   Next: 38%
Magic:  1/35       EV: 37    Int: 18    God:    Kikubaaqudgha [******]
Gold:   5867       SH:  0    Dex: 21    Spells: 1/49 levels left
                                        Lives:  0   Deaths: 5

rFire    . . .     SeeInvis +     - Unarmed
rCold    + . .     Gourm    .   (shield unavailable)
rNeg     . . .     Faith    .   (armour unavailable)
rPois    +         Spirit   .   (helmet unavailable)
rElec    .         Reflect  .   (cloak unavailable)
rCorr    .         Harm     .   (gloves unavailable)
MR       ++...                  (boots unavailable)
Stlth    +++.......             H - amulet of the acrobat
HPRegen  0.24/turn              V - ring of wizardry
MPRegen  0.24/turn              x - +2 ring of evasion

@: hasted, studying Ice Magic, very quick
A: very small, no armour, no weapons or thrown items, stealth, claws 1, fangs 3,
see invisible, agile 1, carnivore, speed 1, low mp 1, sense surroundings 1,
poison resistance, screaming 2, shaggy fur 3, slow metabolism 1, MP-powered
wands, sharp paws
}: 1/15 runes: decaying
a: Receive Corpses, Torment, Renounce Religion


You were on level 5 of the Vaults.
You worshipped Kikubaaqudgha.
Kikubaaqudgha was exalted by your worship.
You were not hungry.

You visited 8 branches of the dungeon, and saw 44 of its levels.
You also visited: Ossuary, Bailey and Ice Cave.

You collected 5972 gold pieces.
You spent 105 gold pieces at shops.

Inventory:

Jewellery
 t - a +4 ring of protection
   (You found it on level 4 of the Depths)
 x - a +2 ring of evasion (right paw)
   (You found it on level 4 of the Lair of Beasts)
 H - an amulet of the acrobat (around neck)
   (You found it on level 2 of the Swamp)
 J - an uncursed ring of protection from cold
   (You found it on level 3 of the Swamp)
 T - an uncursed amulet of guardian spirit
   (You took it off a deep elf mage on level 1 of the Elven Halls)
 V - a ring of wizardry (left paw)
   (You found it on level 2 of the Elven Halls)
Wands
 o - a wand of iceblast (10)
   (You found it on level 2 of the Lair of Beasts)
 q - a wand of paralysis (12)
   (You found it on level 4 of the Dungeon)
 u - a wand of flame (42)
   (You took it off an orc on level 8 of the Dungeon)
 v - a wand of disintegration (29)
   (You found it on level 2 of the Lair of Beasts)
 A - a wand of enslavement (5)
   (You found it on level 3 of the Swamp)
 N - a wand of polymorph (24)
   (You took it off Urug on level 6 of the Lair of Beasts)
 R - a wand of clouds (1)
   (You took it off a deep elf mage on level 1 of the Elven Halls)
 U - a wand of acid (27)
   (You found it on level 1 of the Elven Halls)
Scrolls
 e - 8 scrolls of magic mapping
 h - 3 scrolls of teleportation
 i - 33 scrolls of remove curse
 n - 3 scrolls of immolation
 r - a scroll of vulnerability
 z - 4 scrolls of holy word
 C - 3 scrolls of fog
 E - 4 scrolls of amnesia
 G - 6 scrolls of fear
 I - 3 scrolls of silence
 P - a scroll of acquirement
 W - 15 scrolls of identify
 X - 3 scrolls of blinking
Potions
 a - 6 potions of might
 c - 3 potions of haste
 f - 10 potions of brilliance
 g - 19 potions of curing
 j - 7 potions of resistance
 k - a potion of invisibility
 m - 3 potions of cancellation
 p - 3 potions of magic
 s - 5 potions of flight
 B - 3 potions of mutation
 D - 4 potions of lignification
 Q - a potion of agility
 S - a potion of berserk rage
Books
 y - a manual of Ice Magic
   (You found it on level 11 of the Dungeon)
Miscellaneous
 b - 2 sacks of spiders
 w - a lamp of fire
   (You found it on level 2 of the Lair of Beasts)
 M - a phantom mirror
 O - a phial of floods
   (You found it on level 3 of the Snake Pit)
 Z - 2 boxes of beasts
Comestibles
 d - 24 rations
 l - 5 chunks of flesh


   Skills:
 - Level 13.0 Fighting
 - Level 18.0 Dodging
 - Level 4.0 Stealth
 - Level 3.2 Unarmed Combat
 + Level 15.5 Spellcasting
 - Level 11.0 Charms
 - Level 15.0 Summonings
 + Level 18.9 Necromancy
 - Level 12.6 Translocations
   Level 1.0 Fire Magic
 - Level 6.1 Air Magic
 - Level 10.0 Earth Magic
 - Level 6.1 Evocations


You had one spell level left.
You knew the following spells:

 Your Spells              Type           Power        Failure   Level  Hunger
a - Pain                  Necr           ####         0%          1    None
b - Animate Skeleton      Necr           N/A          0%          1    None
c - Vampiric Draining     Necr           ######....   0%          3    None
d - Animate Dead          Necr           N/A          0%          4    None
e - Borgnjor's Vile Clut  Necr/Erth      ######....   1%          5    ###....
f - Death Channel         Necr           ######....   1%          6    #####..
g - Haunt                 Necr/Summ      ######....   1%          7    ######.
h - Deflect Missiles      Chrm/Air       #####.....   9%          6    #####..
i - Malign Gateway        Summ/Tloc      ######....   5%          7    ######.
j - Infestation           Necr           ######....   4%          8    #######

Your spell library contained the following spells:

 Spells                   Type           Power        Failure   Level  Hunger
 Beastly Appendage        Tmut           ##....       1%          1    None
 Corona                   Hex            ##.....      1%          1    None
 Foxfire                  Conj/Fire      ###.         1%          1    None
 Freeze                   Ice            ##..         1%          1    None
 Infusion                 Chrm           ####         1%          1    None
 Magic Dart               Conj           ##..         1%          1    None
 Sting                    Tmut/Pois      ##..         1%          1    None
 Call Imp                 Summ           ######..     0%          2    None
 Sublimation of Blood     Necr           ######....   0%          2    None
 Dispel Undead            Necr           ######..     0%          4    None
 Corpse Rot               Necr/Air       N/A          1%          2    None
 Poisonous Vapours        Pois/Air       ####..       1%          2    None
 Gell's Gravitas          Tloc           ######....   1%          3    None
 Ozocubu's Armour         Chrm/Ice       ####....     1%          3    None
 Static Discharge         Conj/Air       ####....     1%          3    None
 Stone Arrow              Conj/Erth      ####..       1%          3    None
 Iskenderun's Mystic Bla  Conj/Tloc      #####...     1%          4    None
 Summon Ice Beast         Ice/Summ       #####...     1%          4    None
 Agony                    Necr           ######..     1%          5    ###....
 Searing Ray              Conj           ##....       2%          2    None
 Slow                     Hex            ##......     2%          2    None
 Sticks to Snakes         Tmut           ##......     2%          2    None
 Mephitic Cloud           Conj/Pois/Air  ###.....     2%          3    None
 Leda's Liquefaction      Hex/Erth       ####......   2%          4    None
 Petrify                  Tmut/Erth      ####....     2%          4    None
 Conjure Flame            Conj/Fire      ###.....     4%          3    None
 Ignite Poison            Fire/Tmut/Pois ###.....     4%          3    None
 Inner Flame              Hex/Fire       ###.....     4%          3    None
 Borgnjor's Revivificati  Necr           ######....   4%          8    #######
 Iskenderun's Battlesphe  Conj/Chrm      ####....     5%          5    ###....
 Confusing Touch          Hex            ##......     6%          3    None
 Dazzling Flash           Conj/Hex       ##....       6%          3    None
 Spider Form              Tmut/Pois      ##........   6%          3    None
 Bolt of Magma            Conj/Fire/Erth ####......   11%         5    ###....
 Sticky Flame             Conj/Fire      ###.....     16%         4    None
 Cause Fear               Hex            ##........   17%         4    None
 Fulminant Prism          Conj/Hex       ##........   17%         4    None
 Hailstorm                Conj/Ice       ##......     17%         4    None
 Ice Form                 Ice/Tmut       ##......     17%         4    None
 Olgreb's Toxic Radiance  Pois           ##......     17%         4    None
 Death's Door             Chrm/Necr      ######....   26%         8    #######
 Iron Shot                Conj/Erth      ####......   32%         6    #####..
 Fireball                 Conj/Fire      ###.......   38%         5    ###....
 Blade Hands              Tmut           ##........   43%         5    ###....
 Irradiate                Conj/Tmut      ##........   43%         5    ###....
 Metabolic Englaciation   Hex/Ice        ##........   43%         5    ###....
 Yara's Violent Unravell  Hex/Tmut       ##........   43%         5    ###....
 Spellforged Servitor     Conj/Summ      #####.....   54%         7    ######.
 Freezing Cloud           Conj/Ice/Air   ###.......   71%         6    #####..
 Ring of Flames           Chrm/Fire      #####.....   75%         7    ######.
 Necromutation            Tmut/Necr      #####.....   91%         8    #######
 Orb of Destruction       Conj           ##........   100%        7    ######.
 Chain Lightning          Conj/Air       ####......   100%        8    #######
 Lehudib's Crystal Spear  Conj/Erth      ####......   100%        8    #######
 Fire Storm               Conj/Fire      ###.......   100%        9    #######
 Glaciate                 Conj/Ice       ##........   100%        9    #######
 Portal Projectile        Hex/Tloc       Unusable     N/A         3    N/A
 Spectral Weapon          Hex/Chrm       Unusable     N/A         3    N/A
 Excruciating Wounds      Chrm/Necr      Unusable     N/A         5    N/A

Dungeon Overview and Level Annotations

Branches:
Dungeon (15/15)            Temple (0/1) D:6            Lair (6/6) D:8
  Swamp (4/4) Lair:3        Snake (4/4) Lair:4        Slime (0/5) Lair:6
    Orc (2/2) D:9             Elf (3/3) Orc:2        Vaults (5/5) D:13
  Crypt (0/3) Vaults:2     Depths (5/5) D:15        Ossuary (visited)
 Bailey (visited)           IceCv (visited)
    Zot: Depths:5

Altars:
Ashenzari
Cheibriados
Dithmenos
Elyvilon
Hepliaklqana
Kikubaaqudgha
Nemelex Xobeh
Okawaru
Ru
Sif Muna
Uskayaw
Vehumet
Xom
Yredelemnul
Zin
The Shining One
Jiyva

Shops:
D:5 (   D:9 [   Orc:1 *   Orc:2 (:[*   Elf:3 *   Depths:1 *   Depths:3 :

Portals:
Hell: Depths:1 Depths:2 Depths:3 Depths:4
Abyss: Depths:4
Pandemonium: Depths:3 Depths:4
Ziggurat: Depths:3
Trove: D:14 (give 2 scrolls of acquirement)

Annotations:
D:4 exclusion: door
D:8 exclusions: ice beast and scorpion, Erica
Lair:2 1 runed translucent door, Nuigo's ghost, journeyman KoAs
Lair:3 3 runed translucent doors, Acyr Nudi's ghost, journeyman DsFi
Lair:6 1 runed translucent door
Swamp:2 exclusion: shambling mangrove
Snake:2 Vashnia
Snake:4 exclusion: shock serpent
Elf:2 5 runed translucent doors


Innate Abilities, Weirdness & Mutations

You cannot wear armour.
You are incapable of wielding weapons or throwing items.
Your paws allow you to move quietly. (Stealth)
You have sharp claws.
You have razor-sharp teeth.
You have supernaturally acute eyesight. (SInv)
You are carnivorous and can eat meat at any time.
You cover ground quickly.
Your thick and shaggy fur keeps you warm. (AC +3, rC+)
You have a slow metabolism.
Your sharp claws are effective at attacking unaware monsters.
You are agile. (Dex +2)
Your magical capacity is low. (-10% MP)
You passively map a small area around you.
Your system is resistant to poisons. (rPois)
You sometimes yell uncontrollably at your foes.
You expend magic power (3 MP) to strengthen your wands.


Message History

The yaktaur captain shouts!
The yaktaur captain wields a +0 arbalest.
The yaktaur captain shoots a bolt.
The bolt misses you.
Unknown command.
Unknown command.
As you read the scroll of teleportation, it crumbles to dust.
You feel strangely unstable.
The vault guard completely misses you. x2
Unknown command.
The freezing wraith hits you!
* * * LOW HITPOINT WARNING * * *
The freezing wraith freezes you. You resist.
* * * LOW HITPOINT WARNING * * *
The freezing wraith hits you.
* * * LOW HITPOINT WARNING * * *
The freezing wraith drains your vigour!
You feel yourself slow down.
The yaktaur captain shoots a bolt.
The bolt misses you.
The freezing wraith completely misses you. x2
You see here a bolt.
Unknown command.
Your surroundings suddenly seem different.
A titan comes into view.
The titan shouts!
Okay, then.
As you read the scroll of fog, it crumbles to dust.
The scroll dissolves into smoke.
A vault guard comes into view. It is wielding a +0 battleaxe.
Unknown command.
Unknown command.
You feel better.
You feel yourself speed up.
Casting: Borgnjor's Vile Clutch (safe; 1% risk of failure)
Confirm with . or Enter, or press ? or * to list all spells.
The dungeon shakes, a horrible noise fills the air, and a portal to some otherworldly place is opened!
You feel yourself speed up.
You hear a shout!
The titan completely misses you.
Unknown command.
Casting: Malign Gateway (slightly dangerous; 5% risk of failure)
Confirm with . or Enter, or press ? or * to list all spells.
Aiming: Borgnjor's Vile Clutch (safe; 1% risk of failure)
Press: ? - help, Shift-Dir - straight line, f - titan
Aim: a titan (blue smoke) Zombie hands grab the titan.
The zombie hands constrict the titan.
Unknown command.
You feel better.
The zombie hands constrict the titan.
The titan hits you!!!
Ouch! That really hurt!
You die...
Kikubaaqudgha rasps: "You have failed me!
Welcome... death!"

, *#......# , * ,
##......# , , ,*
#.......# ,
#.......# , , *
,,#.......##*, , ,
#.......## , , *,
#§.§§....###p# ,
#.§p§§........ ,
*, #.§∩§@........,
, ,
##.§§C§........
,#...§.§§§...... ,
#..§§§§§§...... *
#.......####.....#
#....#### * ######
*** #..C. , , , ,
#..., ,, ###* * *
* *


You could see a titan, a vault guard and an ironbrand convoker (wandering).

Vanquished Creatures
  2 liches
  A deep elf blademaster (Elf:3)
  2 deep elf master archers (Elf:3)
  A sphinx (Vaults:4)
  A tengu reaver (Depths:3)
  An ancient champion (Vaults:2)
  A storm dragon (Depths:4)
  3 nagarajas
  An orc warlord (Orc:2)
  2 vault wardens (Vaults:1)
  2 frost giants
  4 deep elf sorcerers
  Louise (Swamp:3)
  A deep elf elementalist (Elf:2)
  Aizul (Snake:1)
  5 ironheart preservers
  A war gargoyle (Vaults:5)
  2 very ugly things (Depths:1)
  A vampire knight (Depths:4)
  2 stone giants
  A deep elf demonologist (Elf:1)
  4 deep elf annihilators
  Snorg (D:12)
  An ettin (Vaults:4)
  3 deep elf death magi
  5 yaktaur captains
  2 deep elf high priests (Elf:3)
  3 great orbs of eyes
  9 vault guards
  2 ice dragons
  4 naga warriors
  7 hydras
  3 anacondas
  A ghost crab (Swamp:3)
  A spriggan air mage (Depths:3)
  6 centaur warriors
  27 two-headed ogres
  8 alligators
  2 deep troll shamans
  5 ogre magi
  8 dancing weapons
  4 death yaks
  5 tengu warriors
  Urug (Lair:6)
  5 orc high priests
  A spriggan berserker (Depths:2)
  7 naga sharpshooters
  3 shock serpents
  Nergalle (Lair:4)
  Sonja (Lair:2)
  5 deep elf knights
  22 slime creatures
  A salamander mystic (Snake:4)
  An iron troll (Depths:3)
  4 wizards
  2 glowing orange brains
  A sea snake (shapeshifter) (D:15)
  A spriggan druid (Swamp:2)
  3 sea snakes
  4 deep elf archers
  A naga ritualist (Snake:1)
  3 deep trolls
  2 unseen horrors (D:14)
  3 swamp dragons
  6 ironbrand convokers
  An orange crystal statue (Vaults:2)
  3 necromancers
  2 harpies (Vaults:1)
  9 orc knights
  2 mana vipers (Snake:1)
  A manticore (D:14)
  5 wolf spiders
  A shining eye (shapeshifter) (D:15)
  4 cyclopes
  A fire giant zombie (Depths:1)
  An oklob plant (Lair:6)
  8 orc sorcerers
  43 deep elf magi
  4 salamanders
  29 ugly things
  3 centaur zombies
  3 elephants
  A torpor snail (Lair:5)
  A guardian serpent (Snake:3)
  A fire giant skeleton (Depths:1)
  21 black mambas
  12 naga magi
  5 vault sentinels
  4 centaur skeletons
  2 gargoyles
  Maurice (D:11)
  10 spiny frogs
  A stone giant skeleton (Depths:1)
  2 rime drakes
  14 yaktaurs
  4 komodo dragons
  A tengu conjurer (D:15)
  10 trolls
  2 human skeletons
  A polar bear (Lair:4)
  A meliai (D:11)
  3 tyrant leeches
  6 hornets
  5 blink frogs
  A bog body (Swamp:3)
  An ettin zombie (Vaults:1)
  10 hippogriffs
  A sphinx simulacrum (Vaults:1)
  An ettin skeleton (Vaults:2)
  5 spriggans
  2 vampires
  3 water elementals
  4 wyverns
  2 shadows
  27 yaks
  2 basilisks
  2 wraiths
  2 hungry ghosts
  3 vampire mosquitoes
  10 swamp worms
  19 nagas
  4 insubstantial wisps
  9 water moccasins
  2 acid dragons
  8 wargs
  8 porcupines
  A hornet zombie (D:15)
  14 ice beasts
  4 black bears
  63 orc warriors
  2 swamp drakes
  4 sky beasts
  An ettin simulacrum (Vaults:1)
  16 wolves
  An eye of draining (D:13)
  A tengu (shapeshifter) (Vaults:1)
  13 boggarts
  26 ogres
  16 centaurs
  14 crocodiles
  2 big kobolds
  19 bullfrogs
  A glowing shapeshifter simulacrum (Vaults:1)
  A wyvern skeleton (D:14)
  2 scorpions
  3 electric eels
  7 howler monkeys
  2 crimson imps
  2 bullfrog zombies
  3 jellies
  2 quasits
  14 orc priests
  2 bullfrog skeletons
  35 orc wizards
  5 hounds
  6 iguanas
  11 worker ants
  A killer bee zombie (D:10)
  A hound zombie (D:7)
  2 hound skeletons
  2 worker ant zombies
  2 gnolls (Bailey)
  15 adders
  5 shadow imps
  An adder skeleton (D:5)
  2 worms
  A worm (shapeshifter) (Depths:3)
  A dart slug (D:3)
  7 leopard geckos
  97 orcs
  2 ball pythons
  4 giant cockroaches
  6 goblins
  5 hobgoblins
  9 jackals
  13 quokkas
  6 bats
  2 frilled lizards
  10 hobgoblin zombies (Ossuary)
  2 jackal skeletons
  A jackal zombie (Ossuary)
  18 kobolds
  7 kobold zombies (Ossuary)
  4 orc zombies (Ossuary)
  8 rats
  2 fungi
  6 plants
1114 creatures vanquished.

Vanquished Creatures (collateral kills)
  2 ancient liches
  A juggernaut (Depths:2)
  Sojobo (Depths:3)
  Xtahua (Depths:3)
  2 caustic shrikes
  Nikola (Depths:3)
  Jory (Depths:3)
  Jorgrun (Elf:1)
  3 liches
  A tentacled monstrosity (Vaults:5)
  A titan (Vaults:5)
  A quicksilver dragon (Depths:3)
  A quicksilver dragon (shapeshifter) (Depths:2)
  A deep elf blademaster (Elf:3)
  2 deep elf master archers (Elf:3)
  Frances (D:12)
  5 tengu reavers
  A storm dragon (Depths:2)
  3 thorn hunters
  2 shadow dragons (Vaults:5)
  2 nagarajas
  6 vault wardens
  An iron dragon (Depths:4)
  5 frost giants
  2 fire giants
  9 deep elf sorcerers
  A caustic shrike zombie (Depths:1)
  A deep elf elementalist (Elf:3)
  A spriggan defender (Depths:2)
  4 ironheart preservers
  A draconian annihilator (Depths:1)
  13 stone giants
  2 very ugly things (Depths:1)
  A deep elf demonologist (Elf:3)
  7 deep elf annihilators
  A spark wasp (Depths:4)
  A crystal guardian (Vaults:3)
  8 fire dragons
  A great orb of eyes (Depths:2)
  Josephine (Orc:1)
  7 deep elf death magi
  A small abomination (Vaults:5)
  10 ettins
  5 yaktaur captains
  2 rakshasas
  9 deep elf high priests
  6 vault guards
  5 ice dragons
  A ghost crab (Swamp:4)
  2 naga warriors
  A spriggan air mage (Depths:3)
  10 hydras
  3 shambling mangroves
  4 anacondas
  4 centaur warriors
  11 ogre magi
  4 dancing weapons
  4 tengu warriors
  25 two-headed ogres
  A death yak (Lair:6)
  7 alligators
  2 deep troll earth magi (Depths:3)
  A vampire mage (Depths:3)
  A titan zombie (Depths:1)
  4 deep troll shamans
  A hell knight (Depths:3)
  4 naga sharpshooters (Snake:2)
  5 spriggan berserkers
  A shock serpent (Snake:4)
  6 deep elf knights
  A shadow wraith (Vaults:2)
  An iron troll (Depths:3)
  A spark wasp zombie (Depths:1)
  2 salamander mystics
  7 deep trolls
  3 flayed ghosts
  A phantasmal warrior (Vaults:5)
  A wizard (Depths:3)
  6 swamp dragons
  2 spriggan druids (Swamp:4)
  6 orc knights
  A harpy (Vaults:1)
  5 deep elf archers
  4 glowing orange brains
  2 necromancers
  4 ironbrand convokers
  19 deep elf magi
  A wolf spider (Vaults:4)
  4 orc sorcerers
  2 mana vipers
  A sphinx skeleton (Depths:3)
  11 ugly things
  A wolf spider (shapeshifter) (Depths:2)
  3 cyclopes
  A glowing shapeshifter (Depths:3)
  8 salamanders
  An iron dragon skeleton (Depths:3)
  An elephant (shapeshifter) (Depths:3)
  A spriggan zombie (Depths:3)
  6 elephants (Lair:6)
  2 frost giant skeletons
  9 vault sentinels
  A guardian serpent (shapeshifter) (Depths:2)
  A naga mage (Snake:3)
  9 black mambas
  5 spiny frogs
  4 komodo dragons
  4 freezing wraiths
  A rime drake (shapeshifter) (Vaults:3)
  16 yaktaurs
  A tengu conjurer (Depths:4)
  A yaktaur skeleton (Vaults:2)
  A jumping spider (shapeshifter) (Vaults:2)
  11 hornets
  35 slime creatures
  3 trolls
  3 tyrant leeches
  8 blink frogs
  A fire giant simulacrum (Vaults:1)
  2 bog bodies
  2 hippogriffs
  A centaur simulacrum (D:14)
  5 spriggans
  2 air elementals (Elf:1)
  A spriggan skeleton (Depths:3)
  A human (shapeshifter) (Depths:3)
  A wyvern (Lair:1)
  A vampire (D:12)
  5 water elementals
  11 yaks (Lair:1)
  3 fire elementals
  4 wraiths
  A basilisk (Lair:6)
  4 vampire mosquitoes
  2 human simulacra
  3 wargs
  A warg (shapeshifter) (D:15)
  11 nagas
  An insubstantial wisp (Swamp:2)
  10 swamp worms
  2 porcupines
  2 water moccasins
  13 orc warriors
  9 swamp drakes
  4 ice beasts (Lair:6)
  A sky beast (D:6)
  10 ogres
  18 wolves (Lair:6)
  2 boggarts (Depths:3)
  3 centaurs
  A crocodile (shapeshifter) (D:14)
  4 crocodiles
  A bullfrog (Lair:4)
  A scorpion (D:12)
  A water moccasin skeleton (D:8)
  A howler monkey (D:9)
  2 bullfrog zombies
  3 hounds
  2 bullfrog skeletons
  2 jellies
  6 orc wizards
  6 orc priests
  An iguana (D:6)
  A worker ant (D:6)
  A howler monkey zombie (D:9)
  2 adders
  A shadow imp (D:9)
  3 adder skeletons
  19 orcs
  A giant cockroach (D:4)
  A hobgoblin (D:3)
  A jackal (D:3)
  A kobold (D:10)
  A quokka (D:6)
  A quokka skeleton (D:6)
  3 rats
  4 fungi
677 creatures vanquished.

Vanquished Creatures (others)
  20 eldritch tentacles
  An orc knight (Vaults:2)
  An ugly thing (Depths:3)
  A yaktaur (Vaults:4)
  A water moccasin (Lair:2)
  A swamp drake (Swamp:3)
  2 boggarts (Depths:3)
  A centaur (D:11)
  An orc priest (Vaults:4)
  An orc (Orc:2)
  4 kobolds (Bailey)
  2 briar patches (Swamp:3)
  A bush (Lair:6)
  51 fungi
  22 plants
  5 withered plants (Lair:3)
115 creatures vanquished.

Grand Total: 1906 creatures vanquished

Notes
Turn   | Place    | Note
-------+----------+-------------------------------------------
     0 | D:1      | Flugkiller the Felid Wanderer began the quest for the Orb.
     0 | D:1      | Flugkiller set off with the following items: a ration; and
                  | the following spells available to memorise: Animate
                  | Skeleton, Pain, Vampiric Draining, Foxfire, Infusion,
                  | Animate Dead, Ignite Poison, Ozocubu's Armour, Agony
     0 | D:1      | Reached XP level 1. HP: 7/7 MP: 5/5
     2 | D:1      | Learned a level 1 spell: Animate Skeleton
     4 | D:1      | Learned a level 1 spell: Pain
   422 | D:1      | Reached skill level 1 in Fighting
   758 | D:2      | Reached XP level 2. HP: 12/12 MP: 5/7
   886 | D:2      | Reached skill level 1 in Dodging
  1200 | D:2      | You fall into a shaft and drop 2 floors!
  1203 | D:4      | Reached XP level 3. HP: 13/16 MP: 4/8
  1595 | D:2      | Learned a level 3 spell: Vampiric Draining
  1850 | D:2      | Reached XP level 4. HP: 14/19 MP: 5/9
  3449 | D:3      | Reached XP level 5. HP: 23/24 MP: 7/10
  3501 | D:3      | Found a hazy altar of Hepliaklqana.
  3501 | D:3      | Found a white marble altar of Elyvilon.
  3516 | D:3      | Found a faded altar of an unknown god.
  3518 | D:3      | Found an ancient bone altar of Kikubaaqudgha.
  3519 | D:3      | Found a faded altar of an unknown god.
  3543 | D:3      | Became a worshipper of Kikubaaqudgha
  4595 | D:4      | Found an iron altar of Okawaru.
  4642 | D:4      | Found a shimmering blue altar of Sif Muna.
  4915 | D:4      | Gained mutation: You are covered in thick fur. (AC +2)
                  | [Felid growth]
  4915 | D:4      | Reached XP level 6. HP: 26/28 MP: 11/11
  4948 | D:4      | Noticed a sky beast
  4965 | D:4      | Killed a sky beast
  4965 | D:4      | Reached skill level 5 in Dodging
  4965 | D:4      | Reached skill level 5 in Necromancy
  5203 | D:4      | Reached * piety under Kikubaaqudgha
  5203 | D:4      | Identified Kikubaaqudgha's Reference Book on Necromancy
                  | (Kikubaaqudgha gifted it to you on level 4 of the Dungeon)
  5203 | D:4      | Received a gift from Kikubaaqudgha
  5449 | D:5      | Entered Level 5 of the Dungeon
  5694 | D:5      | Found Qujidoy's Antique Weapon Emporium.
  6312 | D:6      | Found a sand-covered staircase.
  6323 | Ossuary  | Entered an ossuary
  6649 | Ossuary  | Reached XP level 7. HP: 30/31 MP: 12/12
  6651 | Ossuary  | Reached ** piety under Kikubaaqudgha
  6906 | D:6      | Found a staircase to the Ecumenical Temple.
  6953 | D:6      | Reached skill level 1 in Unarmed Combat
  7025 | D:6      | Found a shadowy altar of Dithmenos.
  8000 | D:7      | Reached XP level 8. HP: 31/36 MP: 5/14
  8064 | D:6      | Slain by a black bear
  8065 | D:6      | Reached XP level 7. HP: -3/32 MP: 1/13
  8394 | D:7      | Found a shattered altar of Ashenzari.
  8666 | D:7      | Found a glowing golden altar of the Shining One.
  8675 | D:7      | Found a basalt altar of Yredelemnul.
  8675 | D:7      | Found a glowing silver altar of Zin.
  9059 | D:7      | Reached skill level 5 in Fighting
  9059 | D:7      | Reached XP level 8. HP: 29/37 MP: 4/15
  9322 | D:7      | Reached *** piety under Kikubaaqudgha
  9322 | D:7      | Identified Kikubaaqudgha's Volume of Black Magic
                  | (Kikubaaqudgha gifted it to you on level 7 of the Dungeon)
  9322 | D:7      | Received a gift from Kikubaaqudgha
  9330 | D:7      | Learned a level 5 spell: Borgnjor's Vile Clutch
  9671 | D:8      | Found a sparkling altar of Nemelex Xobeh.
  9789 | D:8      | Reached skill level 1 in Earth Magic
 10001 | D:8      | Found a staircase to the Lair.
 10032 | D:8      | Found a shimmering altar of Xom.
 10614 | D:8      | Reached skill level 5 in Spellcasting
 11039 | D:8      | Noticed Erica
 11156 | D:9      | Noticed a troll
 11222 | D:9      | Noticed a troll
 11222 | D:9      | Noticed a hippogriff
 11345 | D:8      | Reached XP level 9. HP: 22/40 MP: 9/17
 11925 | D:9      | Found a sacrificial altar of Ru.
 11937 | D:9      | Noticed a troll
 11965 | D:9      | Killed a troll
 12008 | D:9      | Killed a troll
 12039 | D:9      | Found Riohu's Armour Boutique.
 12041 | D:9      | Found a staircase to the Orcish Mines.
 12851 | D:9      | Killed a troll
 13195 | D:9      | Found a snail-covered altar of Cheibriados.
 13407 | Lair:1   | Entered Level 1 of the Lair of Beasts
 13407 | Lair:1   | Noticed a komodo dragon
 13456 | Lair:1   | Learned a level 4 spell: Animate Dead
 13460 | Lair:1   | Reached skill level 5 in Earth Magic
 13502 | Lair:1   | Reached **** piety under Kikubaaqudgha
 13510 | Lair:1   | Reached XP level 10. HP: 27/44 MP: 6/20
 13523 | Lair:1   | Noticed a black mamba
 13527 | Lair:1   | Killed a black mamba
 13829 | Lair:1   | Reached skill level 10 in Necromancy
 14177 | Lair:1   | Noticed a spiny frog
 14207 | Lair:1   | Killed a spiny frog
 14830 | Lair:2   | Noticed a six-headed hydra
 14870 | Lair:2   | Killed a six-headed hydra
 15194 | Lair:2   | Noticed a black mamba
 15205 | Lair:2   | Killed a black mamba
 15277 | Lair:2   | Found a runed translucent door.
 15295 | Lair:2   | Noticed Nuigo's ghost (journeyman KoAs)
 15298 | Lair:2   | Noticed a fire crab
 15318 | Lair:2   | Noticed Sonja
 15609 | Lair:2   | Killed Sonja
 15609 | Lair:2   | Reached XP level 11. HP: 30/47 MP: 11/21
 16291 | Lair:2   | Gained mutation: Your magical capacity is low. (-10% MP)
                  | [potion of mutation]
 16291 | Lair:2   | Gained mutation: You are clumsy. (Dex -2) [potion of
                  | mutation]
 16291 | Lair:2   | Gained mutation: You have a somewhat thin skeletal
                  | structure. (Dex +2, Stealth) [potion of mutation]
 16291 | Lair:2   | Gained mutation: You expend magic power (3 MP) to
                  | strengthen your wands. [potion of mutation]
 16854 | Lair:3   | Reached skill level 1 in Evocations
 16903 | Lair:3   | Found a staircase to the Swamp.
 17340 | Lair:3   | Lost mutation: You are clumsy. (Dex -2) [potion of
                  | mutation]
 17340 | Lair:3   | Lost mutation: You expend magic power (3 MP) to strengthen
                  | your wands. [potion of mutation]
 17340 | Lair:3   | Lost mutation: Your magical capacity is low. (-10% MP)
                  | [potion of mutation]
 17340 | Lair:3   | Lost mutation: You have a somewhat thin skeletal structure.
                  | (Dex +2, Stealth) [potion of mutation]
 17340 | Lair:3   | Gained mutation: You passively map a small area around you.
                  | [potion of mutation]
 17340 | Lair:3   | Gained mutation: You occasionally shout uncontrollably at
                  | your foes. [potion of mutation]
 17340 | Lair:3   | Gained mutation: Your system is resistant to poisons.
                  | (rPois) [potion of mutation]
 17790 | Lair:3   | Found a runed translucent gate.
 17790 | Lair:3   | Found a runed translucent gate.
 17790 | Lair:3   | Found a runed translucent gate.
 17823 | Lair:3   | Noticed Acyr Nudi's ghost (journeyman DsFi)
 17879 | Lair:3   | Noticed Acyr Nudi's ghost (journeyman DsFi)
 18771 | Lair:4   | Reached skill level 5 in Evocations
 18896 | Lair:4   | Found a staircase to the Snake Pit.
 19026 | Lair:4   | Noticed Nergalle
 19196 | Lair:4   | Reached ***** piety under Kikubaaqudgha
 19362 | Lair:4   | Killed Nergalle
 19362 | Lair:4   | Reached skill level 10 in Earth Magic
 19933 | Lair:4   | Gained mutation: Your thick and shaggy fur keeps you warm.
                  | (AC +3, rC+) [Felid growth]
 19933 | Lair:4   | Reached XP level 12. HP: 51/51 MP: 8/22
 20241 | Lair:5   | Found a shimmering altar of Xom.
 20249 | Lair:5   | Noticed a four-headed hydra
 20289 | Lair:5   | Killed a four-headed hydra
 21308 | Lair:5   | Reached skill level 10 in Dodging
 21476 | Lair:5   | Noticed a death yak
 21665 | Lair:5   | Learned a level 6 spell: Death Channel
 21940 | Lair:5   | Killed a death yak
 22051 | Lair:5   | Noticed an alligator
 22163 | Lair:5   | Noticed an alligator
 22174 | Lair:5   | Killed an alligator
 22177 | Lair:5   | Mangled by an alligator
 22178 | Lair:5   | Reached XP level 11. HP: -6/49 MP: 8/21
 22197 | Lair:5   | Killed an alligator
 22319 | Lair:5   | Killed a swamp dragon
 22404 | Lair:6   | Entered Level 6 of the Lair of Beasts
 22408 | Lair:6   | Noticed Urug
 22425 | Lair:6   | Killed Urug
 23067 | Lair:6   | Found a frozen archway.
 23076 | IceCv    | Entered an ice cave
 23076 | IceCv    | Noticed a white ugly thing
 23088 | IceCv    | Found a transporter.
 23108 | IceCv    | Killed a white ugly thing
 23808 | Lair:6   | Noticed an eight-headed hydra
 23977 | D:9      | Upgraded the game from 0.25-a0-403-g49d089a364 to
                  | 0.25-a0-404-gc1b5a34292
 24002 | D:10     | Entered Level 10 of the Dungeon
 24002 | D:10     | Found a hazy altar of Hepliaklqana.
 24222 | D:10     | Reached XP level 12. HP: 54/54 MP: 12/22
 25401 | D:11     | Noticed a centaur warrior
 25409 | D:11     | Killed a centaur warrior
 25822 | D:11     | Noticed a two-headed ogre
 25884 | D:10     | Killed a two-headed ogre
 26043 | D:11     | Noticed a two-headed ogre
 26341 | D:11     | Noticed a two-headed ogre
 26917 | D:11     | Killed a two-headed ogre
 26948 | D:11     | Noticed a two-headed ogre
 27156 | D:11     | Noticed Maurice
 27164 | D:11     | Killed Maurice
 27247 | D:11     | Reached ****** piety under Kikubaaqudgha
 27270 | D:11     | Killed a two-headed ogre
 27446 | D:11     | Killed a two-headed ogre
 27661 | D:11     | Found a hide-covered altar of Uskayaw.
 27735 | D:12     | Noticed a two-headed ogre
 27775 | D:12     | Noticed a centaur warrior
 27780 | D:12     | Noticed a tengu warrior
 27782 | D:12     | Noticed a tengu warrior
 27818 | D:12     | Noticed Frances
 27828 | D:12     | Slain by a sixfirhy
 27829 | D:12     | Reached XP level 11. HP: -2/76 MP: 21/21
 27840 | D:12     | Noticed a two-headed ogre
 27859 | D:12     | Killed a two-headed ogre
 27886 | D:12     | Received a gift from Kikubaaqudgha
 27954 | D:12     | Reached XP level 12. HP: 32/55 MP: 3/22
 27975 | D:12     | Killed a two-headed ogre
 27983 | D:12     | Noticed Snorg
 28014 | D:12     | Found a flagged portal.
 28020 | Bailey   | Entered a bailey
 28118 | Bailey   | Identified the +8 hand axe of Offence {holy, rF+ Str+8}
 29263 | D:12     | Killed a centaur warrior
 29277 | D:12     | Killed a tengu warrior
 29308 | D:12     | Noticed a two-headed ogre
 29344 | D:12     | Killed a two-headed ogre
 29488 | D:12     | Killed Frances
 30122 | D:12     | Killed a tengu warrior
 30180 | D:12     | Killed Snorg
 30355 | D:13     | Noticed a tengu warrior
 30370 | D:13     | Killed a tengu warrior
 30423 | D:13     | Found a radiant altar of Vehumet.
 31793 | D:13     | Noticed a two-headed ogre
 31806 | D:13     | Killed a two-headed ogre
 31806 | D:13     | Reached skill level 15 in Dodging
 32170 | D:13     | Noticed a two-headed ogre
 32170 | D:13     | Noticed a two-headed ogre
 32182 | D:13     | Killed a two-headed ogre
 32182 | D:13     | Reached XP level 13. HP: 56/60 MP: 17/23
 34092 | D:13     | Reached skill level 10 in Fighting
 34536 | D:13     | Found a gate to the Vaults.
 35170 | D:14     | Found a portal to a secret trove of treasure.
 37129 | D:15     | Entered Level 15 of the Dungeon
 37454 | D:14     | Learned a level 7 spell: Haunt
 37910 | D:14     | Reached skill level 1 in Summonings
 38279 | D:15     | Reached XP level 14. HP: 67/67 MP: 17/27
 38937 | D:15     | Found a hide-covered altar of Uskayaw.
 39788 | D:15     | Found a staircase to the Depths.
 39866 | D:15     | Gained mutation: You are occasionally teleported next to
                  | monsters. [a shining eye]
 39908 | D:15     | Gained mutation: Your body sometimes deteriorates upon
                  | taking damage. [a shining eye]
 39988 | D:15     | Lost mutation: Your body sometimes deteriorates upon taking
                  | damage. [potion of mutation]
 39988 | D:15     | Lost mutation: You are occasionally teleported next to
                  | monsters. [potion of mutation]
 39988 | D:15     | Gained mutation: You tend to lose your temper in combat.
                  | [potion of mutation]
 39988 | D:15     | Gained mutation: You sometimes yell uncontrollably at your
                  | foes. [potion of mutation]
 39988 | D:15     | Gained mutation: You have a pair of small horns on your
                  | head. [potion of mutation]
 40530 | Orc:1    | Entered Level 1 of the Orcish Mines
 40632 | Orc:1    | Noticed Josephine
 40642 | Orc:1    | Killed Josephine
 40783 | Orc:2    | Entered Level 2 of the Orcish Mines
 40783 | Orc:2    | Noticed a stone giant
 41149 | Orc:2    | Noticed an orc warlord
 41414 | Orc:2    | Killed a stone giant
 41531 | Orc:2    | Reached skill level 5 in Summonings
 41741 | Orc:2    | Found Naaruroe's Antique Armour Emporium.
 42322 | Orc:2    | Found Uwyq's Antique Weapon Boutique.
 42787 | Orc:2    | Killed an orc warlord
 43144 | Orc:2    | Found a staircase to the Elven Halls.
 43238 | Orc:2    | Found Saelok's General Store.
 43424 | Orc:2    | Reached skill level 15 in Necromancy
 43789 | Orc:2    | Found Sonygufe's Book Shop.
 44125 | Orc:2    | Reached XP level 15. HP: 32/70 MP: 4/29
 44365 | Orc:1    | Reached skill level 10 in Spellcasting
 44919 | Orc:1    | Found Neju's General Store.
 45153 | Swamp:1  | Entered Level 1 of the Swamp
 47401 | Swamp:2  | Noticed a thorn hunter
 48492 | Swamp:2  | Killed a thorn hunter
 49411 | Swamp:3  | Noticed a thorn hunter
 49451 | Swamp:2  | Learned a level 5 spell: Agony
 50200 | Orc:1    | Bought a scroll of identify for 30 gold pieces
 50423 | Swamp:3  | Killed a thorn hunter
 50662 | Swamp:3  | Noticed Louise
 50699 | Swamp:3  | Killed Louise
 51943 | Snake:1  | Entered Level 1 of the Snake Pit
 52338 | Snake:1  | You fall into a shaft and drop 1 floor!
 52712 | Snake:1  | Noticed Aizul
 52723 | Snake:1  | Killed Aizul
 53711 | Snake:2  | Noticed a nagaraja
 53727 | Snake:2  | Killed a nagaraja
 53964 | Snake:2  | Noticed Vashnia
 54220 | Snake:2  | Reached skill level 10 in Summonings
 54488 | Snake:2  | Reached XP level 16. HP: 51/75 MP: 16/31
 57532 | Lair:6   | Found a runed translucent door.
 57533 | Lair:6   | Found a viscous altar of Jiyva.
 57536 | Lair:6   | Found a staircase to the Slime Pits.
 62418 | Snake:4  | Entered Level 4 of the Snake Pit
 62659 | Snake:4  | Identified a scroll of acquirement
 64344 | Swamp:4  | Entered Level 4 of the Swamp
 64825 | Swamp:4  | Noticed a thorn hunter
 64838 | Swamp:4  | Killed a thorn hunter
 65002 | Swamp:4  | Reached XP level 17. HP: 78/78 MP: 10/32
 65458 | Swamp:4  | Got a decaying rune of Zot
 65921 | Elf:1    | Entered Level 1 of the Elven Halls
 67143 | Elf:1    | Noticed Jorgrun
 67167 | Elf:1    | Killed Jorgrun
 69898 | Elf:2    | Found a huge runed translucent gate.
 69898 | Elf:2    | Found a huge runed translucent gate.
 69898 | Elf:2    | Found a huge runed translucent gate.
 69898 | Elf:2    | Found a huge runed translucent gate.
 69899 | Elf:2    | Found a huge runed translucent gate.
 70836 | Elf:3    | Entered Level 3 of the Elven Halls
 71249 | Elf:3    | Found Cevvacoa's General Store.
 71256 | Elf:3    | Bought a scroll of blinking for 75 gold pieces
 71861 | Elf:3    | Identified the +0 hand axe "Leviticus" {pain, *Contam rElec
                  | Int+5}
 73328 | Elf:3    | Noticed a deep elf blademaster
 73744 | Elf:3    | Killed a deep elf blademaster
 73946 | Elf:3    | Noticed a deep elf master archer
 74241 | Elf:3    | Killed a deep elf master archer
 74242 | Elf:3    | Noticed a deep elf master archer
 74348 | Elf:3    | Killed a deep elf master archer
 74791 | Elf:3    | Reached XP level 18. HP: 70/85 MP: 5/34
 74956 | Elf:3    | Identified the +10 quarterstaff "Ascheise" {vamp, SInv}
 74956 | Elf:3    | Identified the +8 fire dragon scales "Vyxemyog" {rF++ rC-
                  | Stlth+}
 75883 | Elf:3    | Identified the +1 robe "Ira Vesucu" {+Fly rN+ rCorr Int+2}
 78250 | Elf:3    | Identified the Incunabulum of Supportive Aid
 78429 | Elf:3    | Learned a level 6 spell: Deflect Missiles
 78671 | Vaults:1 | Entered Level 1 of the Vaults
 78839 | Vaults:1 | Reached skill level 1 in Charms
 79332 | Vaults:1 | Reached skill level 1 in Air Magic
 81948 | Vaults:1 | Reached skill level 5 in Charms
 83275 | Vaults:1 | Lost mutation: You have a pair of small horns on your head.
                  | [potion of mutation]
 83275 | Vaults:1 | Lost mutation: You tend to lose your temper in combat.
                  | [potion of mutation]
 83275 | Vaults:1 | Gained mutation: You expend magic power (3 MP) to
                  | strengthen your wands. [potion of mutation]
 83275 | Vaults:1 | Gained mutation: Your magical capacity is low. (-10% MP)
                  | [potion of mutation]
 83275 | Vaults:1 | Gained mutation: You are agile. (Dex +2) [potion of
                  | mutation]
 83852 | Vaults:2 | You fall into a shaft and drop 2 floors!
 87233 | Vaults:2 | Reached XP level 19. HP: 89/89 MP: 1/32
 87381 | Vaults:2 | Noticed a lich
 87388 | Vaults:1 | Killed a lich
 87700 | Vaults:2 | Reached skill level 5 in Air Magic
 88041 | Vaults:2 | Reached skill level 10 in Charms
 88326 | Vaults:2 | Found a staircase to the Crypt.
 90308 | Vaults:3 | Learned a level 7 spell: Malign Gateway
 90395 | Vaults:3 | Reached skill level 1 in Translocations
 92941 | Vaults:4 | Reached skill level 5 in Translocations
 93055 | Vaults:4 | Noticed a lich
 93082 | Vaults:4 | Paralysed by a lich for 3 turns
 93218 | Vaults:4 | Killed a lich
 95398 | Depths:1 | Entered Level 1 of the Depths
 96046 | Depths:1 | Found a runed translucent door.
 96050 | Depths:1 | Found a radiant altar of Vehumet.
 96051 | Depths:1 | Noticed an ancient lich
 96416 | Depths:1 | Found a gateway to Hell.
 96591 | Depths:1 | Identified Mexku's Tome of Arcane Weapons
 96692 | Depths:1 | Killed an ancient lich
 96984 | Depths:1 | Found Rurot's Assorted Antiques.
 97284 | Depths:1 | Reached skill level 15 in Summonings
 97284 | Depths:1 | Reached XP level 20. HP: 93/93 MP: 4/34
 99148 | Depths:2 | Reached skill level 10 in Translocations
100822 | Depths:2 | Noticed a juggernaut
100839 | Depths:2 | Killed a juggernaut
102157 | Depths:3 | Noticed Jory
102364 | Depths:3 | Noticed Xtahua
102692 | Depths:3 | Killed Jory
103065 | Depths:3 | Killed Xtahua
103802 | Depths:3 | Noticed Sojobo
103813 | Depths:3 | Killed Sojobo
103919 | Depths:3 | Found Ynwol's Book Boutique.
104580 | Depths:3 | Found a one-way gate leading to the halls of Pandemonium.
104624 | Depths:3 | Found an iron altar of Okawaru.
104640 | Depths:3 | Found a gateway to a ziggurat.
104704 | Depths:3 | Killed from afar by a fire dragon
104705 | Depths:3 | Reached XP level 19. HP: -3/89 MP: 28/34
106055 | Depths:3 | Noticed a caustic shrike
106070 | Depths:3 | Killed a caustic shrike
106086 | Depths:3 | Noticed Nikola
106629 | Depths:3 | Killed Nikola
107968 | Depths:4 | Found a one-way gate to the infinite horrors of the Abyss.
108003 | Depths:4 | Noticed a caustic shrike
108017 | Depths:4 | Killed a caustic shrike
108017 | Depths:4 | Reached XP level 20. HP: 93/93 MP: 18/36
108336 | Depths:5 | Entered Level 5 of the Depths
108350 | Depths:4 | Reached skill level 15 in Spellcasting
108514 | Depths:5 | Noticed a caustic shrike
108863 | Depths:4 | Learned a level 8 spell: Infestation
109308 | Vaults:5 | Entered Level 5 of the Vaults
109671 | Vaults:5 | Noticed an ancient lich
109707 | Vaults:5 | Killed an ancient lich
110019 | Vaults:5 | Killed from afar by a frost giant
110020 | Vaults:5 | Reached XP level 19. HP: -1/89 MP: 14/35
110070 | Vaults:5 | Mangled by a titan

Levels and vault maps discovered:
D:1:      co_arrival_random_square_maze, layout_rooms
D:2:      layout_basic, minmay_heptomino_w4
D:3:      layout_rooms, chequers_temple_overflow_minitemple, chequers_arboretum
D:4:      layout_basic, lemuel_crystal_altar, first_ration,
          mrwooster_statue_mirror, led_sif_book
D:5:      layout_rooms, serial_shops, shop
D:6:      layout_cave_pools, nicolae_dithmenos_shadow_blocks, temple_pool_b,
          serial_glass, glass_columns_b, glass_columns_b, enter_ossuary_1
D:7:      layout_loops_ring, grunt_temple_overflow_diamond, lemuel_doored_altar,
          corexii_hall_statues_deadend
D:8:      layout_basic, lemuel_crystal_altar, xom_teletrap_fun,
          grunt_lair_entry_orc_guard_hut, uniq_harold, uniq_joseph, uniq_erica
D:9:      layout_cross, lemuel_crystal_altar, cheibrodos_worm_habitat,
          orc_david_3
D:10:     layout_grid_maze, basic_altar
D:11:     minmay_distorted_concentric_squares, layout_rooms, basic_altar,
          uniq_maurice
D:12:     layout_rooms, enter_bailey_2, uniq_snorg, uniq_frances
D:13:     layout_basic, grunt_vaults_entry_fortified, basic_altar, the_bakery,
          billiards_dpeg
D:14:     layout_loops_ring, minmay_strange_pillars, serial_rivers,
          chequers_serial_rivers_room_b, chequers_serial_rivers_micro_d,
          chequers_serial_rivers_micro_c, chequers_serial_rivers_room_a,
          chequers_serial_rivers_marsh, chequers_serial_rivers_micro_a,
          enter_trove_3
D:15:     gammafunk_enter_depths_forms, layout_irregular_city,
          old_standard_altar, chequers_serial_rivers_small_a
Lair:1:   layout_misc_corridors
Lair:2:   layout_big_grid, ebering_ghost_inner_flame, uniq_sonja
Lair:3:   layout_small_grid, swamp_mist_pool, gammafunk_ghost_cemetery,
          grunt_megastairs_5
Lair:4:   layout_loops_ring, guppyfry_snake_entry_island, st_stairs_10,
          uniq_nergalle
Lair:5:   onia_ninara_swampy_vault, layout_regular_city, basic_altar
Lair:6:   due_jungle_book, layout_regular_city, slime_altar_2,
          portal_ice_cave_entry_ice_beasts, minmay_lair_oklob_items,
          minivault_23, grunt_forest_large_clearings, infiniplex_staircase_pool,
          uniq_urug
Swamp:1:  layout_basic_swamp, nicolae_swamp_dense_foliage
Swamp:2:  layout_basic_swamp, hangedman_swamp_lotus, nicolae_swamp_fairy_circle
Swamp:3:  layout_basic_swamp, evilmike_swamp_ruin_house_3,
          infiniplex_staircase_pool_2, uniq_louise
Swamp:4:  swamp, layout_basic_swamp, swamp_pool1
Snake:1:  layout_rooms, serial_bayou_ford_a, uniq_aizul
Snake:2:  layout_onion, grunt_megastairs_3, uniq_vashnia
Snake:3:  layout_basic, grunt_ministairs_7
Snake:4:  grunt_snake_rune_pools, layout_cave_town, serial_bayou_shore_a
Orc:1:    layout_caves, serial_shops, nicolae_shop_competitors_out_of_business,
          uniq_josephine
Orc:2:    grunt_orc_gardens, layout_caves, grunt_orc_garden, grunt_orc_garden,
          grunt_orc_garden, grunt_orc_garden, elves_outpost_lemuel
Elf:1:    eino_elf_arrival_shootout, layout_loops_ring, hangedman_elf_represent,
          uniq_jorgrun
Elf:2:    layout_onion_city
Elf:3:    minmay_elf_hall_circle, layout_loops_corners, serial_shops,
          nicolae_shop_trees
Vaults:1: grunt_vaults_hallway_short, v_pattern_5,
          nicolae_vaults_windows_and_doors_thing, v_alt_pattern_3,
          nicolae_vaults_network_barrier, layout_vaults_omnigrid
Vaults:2: nicolae_vaults_little_ls, nicolae_vaults_specimen_jars,
          minmay_crypt_entry_simple_box, hangedman_vaults_stagger,
          nicolae_vaults_little_squares_6, vaults_dpeg_spiral,
          nicolae_vaults_statue_guard, v_pattern_3,
          nicolae_vaults_little_squares_5, hangedman_vaults_capsules,
          ontoclasm_vaults_tryst, nicolae_vaults_mini_display_case,
          ontoclasm_vaults_chip, nicolae_vaults_little_squares_2,
          hangedman_vaults_trim, layout_vaults_ring
Vaults:3: hangedman_vaults_snaps, vaults_room_door_hall, nicolae_vaults_big_ls,
          v_misc_14, layout_vaults_omnicross
Vaults:4: v_misc_27, hangedman_vaults_river_flow,
          nicolae_vaults_network_quinsquares
          [nicolae_vaults_network_quincunx_subvault,
          nicolae_vaults_network_quincunx_subvault,
          nicolae_vaults_network_quincunx_subvault,
          nicolae_vaults_network_quincunx_subvault], v_pattern_2,
          ontoclasm_vaults_idyll, dpeg_vaults_monster_box, v_misc_22,
          nicolae_vaults_stairing_the_circle, nicolae_vaults_murderbox,
          layout_vaults_big_room
Vaults:5
Depths:1: layout_gridlike, hell_entry, hangedman_decor_growths, serial_shops,
          shop, grunt_absolute_annihilation
Depths:2: hangedman_cross_stitches, layout_cave_pools, hell_entry,
          dk_noncrumbling_3, minmay_staircase_bubble
Depths:3: four-leaf_vault, layout_cave_pools, enter_ziggurat_f, serial_shops,
          kennysheep_mini_moat, hell_entry, okawaru_ov_weapons_minmay,
          grunt_pan_entry_in_and_out, minmay_staircase_windowed_small,
          uniq_sojobo, uniq_xtahua, uniq_jory, uniq_nikola
Depths:4: minmay_inside_and_out, layout_small_grid, pan_entry, nicolae_wwwww,
          hell_entry, hangedman_abyss_entry_splay
Depths:5: grunt_zot_entry_gee_three, layout_cave_pools, hell_entry,
          minmay_crystal_water, grunt_pan_entry_spiral,
          kennysheep_pointless_box, minmay_misc_feat_ornament

Skill      XL: |  1  2  3  4  5  6  7  8  9 10 11 12 13 14 15 16 17 18 19 20 |
---------------+-------------------------------------------------------------+-----
Fighting       | 1 2 3 5 7 9 11 12 13 | 13.0
Stealth        | 3 4 |  4.0
Dodging        | 1 2 3 4 5 7 12 15 16 17 18 | 18.0
Necromancy     | 6 7 8 9 11 12 14 15 16 17 18 | 18.9
Unarmed Combat | 3 |  3.2
Spellcasting   | 4 5 6 8 9 10 11 12 13 15 | 15.5
Earth Magic    | 2 5 8 10 | 10.0
Evocations     | 5 6 |  6.1
Summonings     | 1 6 10 13 14 15 | 15.0
Charms         | 9 11 | 11.0
Air Magic      | 4 6 |  6.1
Translocations | 8 12 | 12.6
Fire Magic     | |  1.0

Action                   |  1- 3 |  4- 6 |  7- 9 | 10-12 | 13-15 | 16-18 | 19-21 || total
-------------------------+-------+-------+-------+-------+-------+-------+-------++-------
Melee: Unarmed           |     6 |   194 |   121 |   463 |   491 |   518 |   396 ||  2189
       Bite              |       |    16 |    10 |    67 |    60 |    86 |    64 ||   303
       Punch             |       |       |     3 |    10 |    10 |     8 |     6 ||    37
       Headbutt          |       |       |       |       |    83 |   115 |       ||   198
 Cast: Pain              |    42 |   148 |   294 |   270 |   239 |    45 |       ||  1038
       Animate Skeleton  |     8 |    28 |    39 |    78 |    50 |    86 |    36 ||   325
       Vampiric Draining |       |     7 |    29 |    55 |    73 |    77 |     7 ||   248
       Borgnjor's Vile C |       |       |     6 |   280 |   304 |   369 |   269 ||  1228
       Animate Dead      |       |       |     1 |    11 |    34 |    27 |     6 ||    79
       Death Channel     |       |       |       |     3 |    18 |    13 |    11 ||    45
       Agony             |       |       |       |       |    14 |       |       ||    14
       Haunt             |       |       |       |       |       |   203 |   225 ||   428
       Deflect Missiles  |       |       |       |       |       |     2 |     9 ||    11
       Malign Gateway    |       |       |       |       |       |       |    20 ||    20
       Infestation       |       |       |       |       |       |       |     7 ||     7
Invok: Receive Corpses   |       |       |     1 |     9 |    15 |     8 |     5 ||    38
       Receive Necronomi |       |       |       |     1 |       |       |       ||     1
 Abil: Evoke Flight      |       |       |       |     3 |    10 |     1 |       ||    14
Evoke: Wand              |       |       |    12 |    21 |    25 |    16 |    26 ||   100
       Lamp of fire      |       |       |       |     4 |     1 |       |       ||     5
       Phial of floods   |       |       |       |       |       |       |     1 ||     1
       Box of beasts     |       |       |       |       |       |       |     1 ||     1
  Use: Scroll            |       |    11 |     7 |    11 |    12 |     6 |     6 ||    53
       Potion            |       |       |     2 |     6 |     5 |     4 |     9 ||    26
 Stab: Sleeping          |       |     2 |     2 |       |     2 |     1 |       ||     7
       Distracted        |       |     2 |     1 |     1 |     2 |     7 |     8 ||    21
       Paralysed         |       |       |     4 |     8 |     3 |       |     3 ||    18
  Eat: Chunk             |     9 |    11 |    22 |   146 |   126 |   210 |   204 ||   728
       Ration            |       |       |       |     4 |     6 |    30 |    10 ||    50
Armor: Skin              |     1 |    16 |    15 |    28 |    16 |    22 |    12 ||   110
Dodge: Dodged            |    12 |   229 |   244 |   797 |   918 |  1164 |   876 ||  4240
       Deflected         |       |       |       |       |       |     2 |    37 ||    39
Block: Other             |       |       |       |   156 |   143 |       |       ||   299
       Reflection        |       |       |       |    21 |    14 |       |       ||    35

Table legend:
 A = Non-vault XP
 B = Vault XP
 C = Vault XP percentage of total XP
 D = Non-vault monster count
 E = Vault monster count
 F = Vault count percentage of total count
                 A         B        C        D         E       F
            +---------+---------+-------+---------+---------+-------
      Total |  394070 |  259592 |  39.7 |    1320 |     467 |  26.1
            +---------+---------+-------+---------+---------+-------
        D:1 |      11 |       0 |   0.0 |       8 |       0 |   0.0
        D:2 |      44 |      12 |  21.4 |      13 |       7 |  35.0
        D:3 |     159 |       0 |   0.0 |      34 |       0 |   0.0
        D:4 |     400 |       0 |   0.0 |      22 |       0 |   0.0
        D:5 |      75 |       0 |   0.0 |       7 |       0 |   0.0
        D:6 |     739 |       0 |   0.0 |      22 |       0 |   0.0
        D:7 |     979 |     105 |   9.7 |      21 |       1 |   4.5
        D:8 |     814 |     352 |  30.2 |      23 |       3 |  11.5
        D:9 |    1659 |      14 |   0.8 |      33 |       4 |  10.8
       D:10 |    5250 |     727 |  12.2 |      45 |       1 |   2.2
       D:11 |    6524 |    1173 |  15.2 |      36 |       4 |  10.0
       D:12 |    7133 |    2650 |  27.1 |      41 |       2 |   4.7
       D:13 |   11358 |    8971 |  44.1 |      54 |      14 |  20.6
       D:14 |    9332 |       0 |   0.0 |      34 |       0 |   0.0
       D:15 |   18972 |    4153 |  18.0 |      47 |       7 |  13.0
     Lair:1 |    3890 |       0 |   0.0 |      25 |       0 |   0.0
     Lair:2 |    4013 |     802 |  16.7 |      19 |       1 |   5.0
     Lair:3 |    6342 |       0 |   0.0 |      27 |       0 |   0.0
     Lair:4 |    3356 |    1408 |  29.6 |      19 |       4 |  17.4
     Lair:5 |    6065 |    3828 |  38.7 |      21 |      12 |  36.4
     Lair:6 |    6553 |    6200 |  48.6 |      23 |      44 |  65.7
    Swamp:1 |    7347 |       0 |   0.0 |      31 |       0 |   0.0
    Swamp:2 |   11704 |       0 |   0.0 |      34 |       0 |   0.0
    Swamp:3 |    7692 |    1329 |  14.7 |      19 |       1 |   5.0
    Swamp:4 |    5535 |    9987 |  64.3 |      22 |      23 |  51.1
    Snake:1 |    8547 |    1559 |  15.4 |      18 |       2 |  10.0
    Snake:2 |   16467 |    3400 |  17.1 |      34 |       7 |  17.1
    Snake:3 |   15010 |    1740 |  10.4 |      36 |       3 |   7.7
    Snake:4 |   13668 |       0 |   0.0 |      23 |       0 |   0.0
      Orc:1 |    4990 |    1202 |  19.4 |      33 |       6 |  15.4
      Orc:2 |    4987 |   13519 |  73.1 |      58 |      34 |  37.0
      Elf:1 |   15014 |    7839 |  34.3 |      27 |      11 |  28.9
      Elf:2 |   17253 |    2462 |  12.5 |      26 |       3 |  10.3
      Elf:3 |    8925 |   39507 |  81.6 |      22 |      35 |  61.4
   Vaults:1 |   21674 |   13069 |  37.6 |      57 |      27 |  32.1
   Vaults:2 |   17785 |   13779 |  43.7 |      55 |      25 |  31.2
   Vaults:3 |   19447 |    5631 |  22.5 |      48 |       9 |  15.8
   Vaults:4 |   15702 |   26190 |  62.5 |      41 |      41 |  50.0
   Vaults:5 |    8966 |   26585 |  74.8 |      18 |      27 |  60.0
   Depths:1 |   21242 |   15005 |  41.4 |      44 |      13 |  22.8
   Depths:2 |   28461 |    9046 |  24.1 |      48 |      11 |  18.6
   Depths:3 |   21948 |   27018 |  55.2 |      41 |      22 |  34.9
   Depths:4 |    5918 |    7911 |  57.2 |       7 |       7 |  50.0
   Depths:5 |    2120 |       0 |   0.0 |       4 |       0 |   0.0
    Ossuary |       0 |      22 | 100.0 |       0 |      22 | 100.0
     Bailey |       0 |    1190 | 100.0 |       0 |      27 | 100.0
      IceCv |       0 |    1207 | 100.0 |       0 |       7 | 100.0
            +---------+---------+-------+---------+---------+-------
